 Dungeon Crawl Stone Soup version 0.15-a0-1995-g7e6aeab (webtiles) character file.

135 N00bl0rd the Bolt Thrower (level 5, -1/29 HPs)
             Began as a Kobold Arcane Marksman on July 11, 2014.
             Slain by a worker ant (8 damage)
             ... on Level 4 of the Dungeon.
             The game lasted 00:12:21 (2937 turns).

N00bl0rd the Bolt Thrower (Kobold Arcane Marksman)  Turns: 2937, Time: 00:12:21

HP  -1/29        AC  4     Str 16      XL: 5   Next: 42%
MP   8/9         EV 21     Int 11      God:
Gold 150         SH  0     Dex 20      Spells:  3 memorised,  2 levels left

rFire  . . .     SeeInvis .     v - +0 dagger
rCold  . . .     Clarity  .     a - +0 robe
rNeg   . . .     rCorr    .     (no shield)
rPois  +         rRot     .     (no helmet)
rElec  .         Spirit   .     n - +0 cloak
SustAb .         Warding  .     x - +0 pair of gloves
rMut   .         Stasis   .     (no boots)
Gourm  .                        (no amulet)
MR     .....                    B - cursed ring of loudness
                                k - ring of poison resistance

@: mighty, agile, not resistant to hostile enchantments, unstealthy
A: carnivore 3
a: no special abilities


You were on level 4 of the Dungeon.
You were very full.

You visited 1 branch of the dungeon, and saw 4 of its levels.

You collected 150 gold pieces.

Inventory:

Hand weapons
 b - a +0 crossbow
 v - a +0 dagger (weapon)
Missiles
 c - 4 bolts
Armour
 a - a +0 robe (worn)
 n - a +0 cloak (worn)
 x - a +0 pair of gloves (worn)
Comestibles
 f - a meat ration
 g - a slice of pizza
 h - 3 beef jerkies
 l - a royal jelly
 q - a rotting chunk of adder flesh
 s - a rotting chunk of goblin flesh
 t - a chunk of adder flesh
 w - a chunk of bat flesh
Scrolls
 j - 3 scrolls of identify {unknown}
 p - 2 scrolls of magic mapping {unknown}
 r - a scroll of noise {unknown}
 y - a scroll of immolation {unknown}
Jewellery
 k - a ring of poison resistance (left hand)
 B - a cursed ring of loudness (right hand)
Potions
 i - a potion of cancellation
 m - a potion of agility
 o - a potion of might
 z - 2 potions of poison
Books
 d - a book of Debilitation

   Spells                             Type                      Level
   *Corona                            Hexes                        1
   *Slow                              Hexes                        2
   *Inner Flame                       Hexes/Fire                   3
   Enslavement                        Hexes                        4
   Cause Fear                         Hexes                        4
   Leda's Liquefaction                Hexes/Earth                  4


   Skills:
 + Level 1.4 Fighting
 + Level 0.6 Short Blades
 * Level 4.3 Crossbows
 + Level 2.7 Dodging
 - Level 2.0 Spellcasting
 - Level 4.0 Hexes


You had 2 spell levels left.
You knew the following spells:

 Your Spells              Type           Power        Failure   Level  Hunger
a - Corona                Hex            #......      6%          1    ##.....
b - Slow                  Hex            #.......     10%         2    ###....
c - Inner Flame           Hex/Fire       #.......     38%         3    ####...


Dungeon Overview and Level Annotations

Branches:
Dungeon (4/15)
 Temple: D:4-7

Altars:


Innate Abilities, Weirdness & Mutations

You are small and have problems with some larger weapons.
You are carnivorous and can eat meat at any time.


Message History

It was a potion of might.
The worker ant completely misses you.
Drink which item? (? for menu, Esc to quit)
You feel slightly nauseous.
It was a potion of poison.
The worker ant misses you.
You hit the worker ant.
The worker ant is severely wounded.
The worker ant barely misses you.
You closely miss the worker ant.
The worker ant is severely wounded.
The worker ant closely misses you. The worker ant barely misses you.
You closely miss the worker ant.
The worker ant is severely wounded.
The worker ant completely misses you.
You barely miss the worker ant.
The worker ant is severely wounded.
The worker ant completely misses you.
You barely miss the worker ant.
The worker ant is severely wounded.
The worker ant bites you!
You die...

### #@# #a#
#####.######...
#..............
###..##.#........
#.....%.....####
#...$..(#...#
#.....###...#
#.....! ...#


You could see a worker ant.

Vanquished Creatures
  An orc priest (D:3)
  4 adders
  A giant mite (D:2)
  3 worms (D:2)
  3 giant geckos
  4 orcs (D:3)
  6 bats
  A giant cockroach (D:2)
  3 goblins
  6 hobgoblins
  4 kobolds
  4 giant newts
  A quokka (D:3)
  4 rats
45 creatures vanquished.

Notes
Turn   | Place    | Note
--------------------------------------------------------------
     0 | D:1      | N00bl0rd, the Kobold Arcane Marksman, began the quest for the Orb.
     0 | D:1      | Reached XP level 1. HP: 12/12 MP: 2/2
   287 | D:1      | Reached XP level 2. HP: 16/16 MP: 1/3
   295 | D:1      | Learned a level 2 spell: Slow
  1227 | D:2      | Reached XP level 3. HP: 15/20 MP: 1/4
  1586 | D:2      | Reached XP level 4. HP: 25/25 MP: 6/6
  2292 | D:3      | Reached skill level 4 in Crossbows
  2292 | D:3      | Reached XP level 5. HP: 29/29 MP: 5/7
  2350 | D:3      | Learned a level 3 spell: Inner Flame
  2937 | D:4      | Slain by a worker ant

Action                   |  1- 3 |  4- 6 || total
-------------------------+-------+-------++-------
Melee: Dagger            |       |    74 ||    74
 Fire: Crossbow          |    66 |    34 ||   100
 Cast: Corona            |    23 |    14 ||    37
       Slow              |       |     4 ||     4
  Use: Potion            |       |     6 ||     6
  Eat: Chunk             |     9 |     6 ||    15
